 Dungeon Crawl Stone Soup version 0.31.0-11-ge490571c62 (webtiles) character file.

Game seed: 17769108761044316275

52735 Zeor the Fencer (level 14, -6/125 HPs)
             Began as a Merfolk Gladiator on Feb 5, 2024.
             Was a High Priest of Wu Jian.
             Killed from afar by Jorgrun (15 damage)
             ... with an iron shot
             ... while petrified by Jorgrun
             ... on level 1 of the Orcish Mines on Feb 11, 2024.
             The game lasted 00:41:45 (16011 turns).

Zeor the Fencer (Merfolk Gladiator)                Turns: 16011, Time: 00:41:45

Health: -6/125     AC: 26    Str: 19    XL:     14   Next: 65%
Magic:  23/23      EV:  2    Int: 11    God:    Wu Jian [*****.]
Gold:   350        SH:  0    Dex: 31    Spells: 13/13 levels left

rFire   . . .        a - +6 double sword (elec)
rCold   + . .        (no shield)
rNeg    + + +        H - +10 scale mail of Tocwalas {^Drain rC+ Int+4}
rPois   ∞            U - +1 helmet "Wiwiov" {Dex+3}
rElec   .            x - +0 cloak of the Endless Expanse {Str+3 Dex+2}
rCorr   .            D - +1 pair of gloves
SInv    .            m - +2 pair of boots of Xyiwa {rN+ Will- MP+9 Dex+7}
Will    .....        J - amulet of faith
Stlth   +++          O - +4 ring of slaying
HPRegen 0.40/turn    (no ring)
MPRegen 0.18/turn

%: faith
@: petrified
A: (nimble swimmer 2), mertail
a: Renounce Religion, Wall Jump, Serpent's Lash, Heavenly Storm


You were on level 1 of the Orcish Mines.
You worshipped Wu Jian.
Wu Jian was extremely pleased with you.
You visited 4 branches of the dungeon, and saw 17 of its levels.
You also visited: Ossuary.

You collected 867 gold pieces.
You spent 517 gold pieces at shops.

Inventory:

Hand Weapons
 a - a +6 double sword of electrocution (weapon)
 b - a +0 scimitar of flaming
Missiles
 e - 5 javelins
 i - 17 boomerangs (quivered)
 t - 7 throwing nets
 Q - 4 curare-tipped darts
Armour
 c - the +2 chain mail of Eskireotu {rElec rC++ Str+3 Stlth+}
   (You found it on level 3 of the Lair of Beasts)

   Str+3:     It affects your strength (+3).
   rC++:      It greatly protects you from cold.
   rElec:     It insulates you from electricity.
   Stlth+:    It makes you more stealthy.
 l - a scarf of resistance
 m - the +2 pair of boots of Xyiwa (worn) {rN+ Will- MP+9 Dex+7}
   (You found it on level 2 of the Dungeon)

   Dex+7:     It affects your dexterity (+7).
   rN+:       It protects you from negative energy.
   Will-:     It decreases your willpower.
   MP+9:      It affects your magic capacity (+9).
 x - the +0 cloak of the Endless Expanse (worn) {Str+3 Dex+2}
   (You bought it in a shop on level 1 of the Dungeon)

   Str+3:     It affects your strength (+3).
   Dex+2:     It affects your dexterity (+2).
 D - a +1 pair of gloves (worn)
 H - the +10 scale mail of Tocwalas (worn) {^Drain rC+ Int+4}
   (You bought it in a shop on level 1 of the Dungeon)

   Int+4:     It affects your intelligence (+4).
   rC+:       It protects you from cold.
   ^Drain:    It drains your maximum health when unequipped.
 U - the +1 helmet "Wiwiov" (worn) {Dex+3}
   (You found it on level 3 of the Lair of Beasts)

   Dex+3:     It affects your dexterity (+3).
Jewellery
 w - an amulet of regeneration
 J - an amulet of faith (around neck)
 K - a ring of see invisible
 O - a +4 ring of slaying (left hand)
 Z - a ring of fire
Wands
 d - a wand of mindburst (8)
 g - a wand of flame (41)
 M - a wand of light (9)
 S - a wand of polymorph (4)
Scrolls
 k - a scroll of silence
 o - 4 scrolls of enchant armour
 p - 6 scrolls of teleportation
 u - 2 scrolls of butterflies
 y - a scroll of enchant weapon
 A - a scroll of poison
 B - 2 scrolls of vulnerability
 C - 2 scrolls of fog
 L - 2 scrolls of fear
 W - a scroll of brand weapon
 Y - a scroll of blinking
Potions
 f - 7 potions of curing
 h - 2 potions of ambrosia
 j - 3 potions of mutation
 q - 4 potions of heal wounds
 r - 3 potions of lignification
 s - a potion of resistance
 v - 3 potions of cancellation
 z - 2 potions of haste
 E - 2 potions of invisibility
 F - 4 potions of might
 G - 2 potions of berserk rage
 I - a potion of magic
 N - 3 potions of enlightenment
 X - a potion of attraction
Miscellaneous
 n - a phial of floods
 T - a box of beasts


   Skills:
 * Level 16.2 Fighting
 + Level 17.3 Long Blades
 + Level 3.0 Throwing
 + Level 5.4 Armour
 * Level 14.5 Dodging
 + Level 7.8 Stealth


You had 13 spell levels left.
You didn't know any spells.
Your spell library contained the following spells:

 Spells                   Type           Power      Damage    Failure   Level
 Necrotise                Necr           0%         1d4       69%         1
 Cigotuvi's Dreadful Rot  Necr/Alch/Air  0%         N/A       83%         2
 Ozocubu's Armour         Ice            0%         N/A       96%         3
 Vampiric Draining        Necr           0%         2d6       96%         3
 Volatile Blastmotes      Fire/Tloc      0%         2d10      96%         3
 Dispel Undead            Necr           0%         3d6       100%        4
 Fulminant Prism          Conj/Alch      0%         3d5       100%        4
 Iskenderun's Mystic Bla  Conj/Tloc      0%         2d3       100%        4
 Martyr's Knell           Necr/Summ      0%         N/A       100%        4
 Alistair's Intoxication  Alch           0%         N/A       100%        5
 Borgnjor's Vile Clutch   Necr/Erth      0%         N/A       100%        5
 Curse of Agony           Necr           0%         N/A       100%        5
 Metabolic Englaciation   Hex/Ice        0%         N/A       100%        5
 Death Channel            Necr           0%         N/A       100%        6
 Eringya's Noxious Bog    Alch           0%         4d6       100%        6
 Sculpt Simulacrum        Ice/Alch       0%         N/A       100%        6
 Ozocubu's Refrigeration  Ice            0%         4d7       100%        7
 Polar Vortex             Ice            0%         N/A       100%        9


Dungeon Overview and Level Annotations

Branches:
Dungeon (10/15)            Temple (1/1) D:5            Lair (5/5) D:9
 Shoals (0/4) Lair:2       Spider (0/4) Lair:3        Slime (0/5) Lair:5
    Orc (1/2) D:10        Ossuary (visited)

Altars:
Ashenzari
Cheibriados
Dithmenos
Elyvilon
Fedhas
Gozag
Hepliaklqana
Kikubaaqudgha
Makhleb
Nemelex Xobeh
Okawaru
Qazlal
Ru
Sif Muna
Trog
Uskayaw
Vehumet
Wu Jian
Xom
Yredelemnul
Zin
The Shining One

Shops:
D:1 :[*:!   D:7 :   D:8 *   D:10 (

Annotations:
Lair:2 2 runed translucent doors, occam's ghost, journeyman DsEE
Lair:3 2 transporters, exclusion: oklob plant, Ekaitz's ghost, journeyman TeAE
Orc:1 Jorgrun


Innate Abilities, Weirdness & Mutations

((You are very nimble when in or above water. (Stealth+, EV+, Speed+++)))
Your lower body shifts to a powerful aquatic tail in water.


Message History

Jorgrun hits you with a staff of earth. The ground beneath you fractures.
The kobold blastminer hits you but does no damage.
Jorgrun gestures at you while chanting. The iron shot hits you!!!
The troll bites you but does no damage.
The troll claws you but does no damage. x2
The kobold blastminer blasts its cannon at you.
The iron shot hits you!!
The kobold blastminer is knocked back by the blast.
Jorgrun hits you but does no damage. The ground beneath you fractures!!
The troll bites you. The troll claws you. x2
Jorgrun points at you and mumbles some strange words.
The iron shot hits you!!
* * * LOW HITPOINT WARNING * * *
The troll bites you but does no damage.
The troll claws you but does no damage. x2
The kobold blastminer wields a +0 arbalest.
The kobold blastminer shoots a bolt.
The bolt hits you but does no damage. Jorgrun hits you with a staff of earth.
* * * LOW HITPOINT WARNING * * *
The ground beneath you fractures!
* * * LOW HITPOINT WARNING * * *
The troll bites you but does no damage. The troll claws you but does no damage.
The troll claws you!
* * * LOW HITPOINT WARNING * * *
The kobold blastminer shoots a bolt.
The bolt hits you.
* * * LOW HITPOINT WARNING * * *
Jorgrun barely misses you. The troll bites you.
* * * LOW HITPOINT WARNING * * *
The troll claws you!
* * * LOW HITPOINT WARNING * * *
The troll claws you.
* * * LOW HITPOINT WARNING * * *
The kobold blastminer shoots a bolt.
The bolt hits you but does no damage. Jorgrun hits you but does no damage.
The troll bites you.
* * * LOW HITPOINT WARNING * * *
The troll claws you but does no damage. x2
The kobold blastminer shoots a bolt.
The bolt hits you.
* * * LOW HITPOINT WARNING * * *
Jorgrun gestures at you while chanting. The iron shot hits you!!
You die...

▒∙∙∙▒∙∙∙∙∙▒ ▒
▒▒∙▒∙∙∙∙∙▒▒▒▒
▒▒∙▒▒∙∙∙∙∙▒▒▒▒∙▒▒
▒^∙∙∙∙∙∙∙▒▒∙▒∙∙∙▒
▒▒∙▒▒∙▒∙∙∙∙∙∙∙∙▒ ▒
▒▒∙$∙▒∙∙∙∙∙
∙∙∙▒∙▒∙▒∙▒∙▒∙∙▒∙▒
∙∙∙∙∙∙∙∙∙∙∙∙▒∙∙∙∙∙
∙∙∙∙∙∙∙∙∙Tm∙K▒
∙∙∙∙∙∙▒∙∙g∙∙▒∙∙∙∙∙
▒▒∙▒∙∙$∙▒∙∙∙∙∙∙∙$∙
▒▒▒∙∙∙∙∙∙∙∙∙∙∙∙▒∙


∙∙∙∙∙∙∙∙∙∙∙∙∙∙∙∙ ∙∙∙∙∙∙∙∙∙∙▒∙>∙∙∙∙ ∙∙▒∙∙∙∙∙∙∙∙∙∙∙∙∙∙ ▒▒∙∙∙∙∙∙∙∙∙∙∙∙∙∙∙ You could
see Jorgrun, a kobold blastminer and a troll.

Vanquished Creatures
  Gastronok (D:9)
  Harold (D:9)
  4 hydras
  Erolcha (D:9)
  Erica (Lair:2)
  2 two-headed ogres
  A boulder beetle (Lair:4)
  A merfolk avatar (Lair:5)
  2 catoblepae
  Amaemon (Lair:2)
  Nergalle (Lair:2)
  A skyshark (Lair:5)
  An orb spider (Lair:3)
  A sea snake (Lair:5)
  A harpy (Lair:5)
  2 manticores
  Maurice (D:7)
  5 black mambas
  Joseph (D:8)
  24 elephants
  An orange demon (Lair:2)
  Maggie (D:8)
  10 cane toads
  A kobold demonologist (D:10)
  Jeremiah (D:7)
  3 rime drakes
  15 komodo dragons
  A polar bear (Lair:5)
  Psyche (D:8)
  Prince Ribbit (D:8)
  20 blink frogs
  3 hornets
  6 dream sheep (Lair:4)
  A troll (D:10)
  2 wind drakes
  A snapping turtle (Lair:5)
  A vampire (D:9)
  A shadow (D:10)
  5 wyverns
  42 yaks
  Eustachio (D:4)
  3 basilisks
  3 steam dragons
  An acid dragon (D:10)
  Duvessa (D:4)
  11 water moccasins
  2 orc warriors
  4 black bears
  2 ice beasts
  A sky beast (D:7)
  3 wolves (Lair:5)
  An ogre (D:4)
  A centaur (D:10)
  13 bullfrogs
  14 kobold brigands
  3 scorpions
  2 wights (Ossuary)
  A burial acolyte (Ossuary)
  Dowan (D:4)
  15 killer bees
  A howler monkey (D:10)
  A vampire bat (D:8)
  A bombardier beetle (D:5)
  2 hounds
  4 jellies
  3 orc priests
  2 gnoll boudas
  A sleepcap (D:5)
  3 iguanas
  7 orc wizards
  A hound zombie (D:4)
  2 hound skeletons (D:4)
  A mummy (Ossuary)
  4 adders
  13 gnolls
  4 white imps
  2 ufetubi (D:6)
  2 adder zombies (D:4)
  3 adder skeletons (D:4)
  2 dart slugs
  2 ribbon worms (D:3)
  36 orcs
  5 ball pythons
  5 endoplasms (D:4)
  4 giant cockroaches
  5 goblins
  4 hobgoblins
  8 jackals
  5 quokkas
  13 bats
  2 frilled lizards (D:1)
  7 gnoll skeletons (Ossuary)
  13 kobolds
  5 kobold skeletons (Ossuary)
  8 orc skeletons (Ossuary)
  2 rats (D:3)
436 creatures vanquished.

Vanquished Creatures (others)
  2 orcs (D:7)
2 creatures vanquished.

Grand Total: 438 creatures vanquished

Notes
Turn   | Place    | Note
-------+----------+-------------------------------------------
     0 | D:1      | Zeor the Merfolk Gladiator began the quest for the Orb.
     0 | D:1      | Reached XP level 1. HP: 16/16 MP: 1/1
    96 | D:1      | Found Vicwucom's Distillery.
   247 | D:1      | Found Cymediuq's General Store.
   250 | D:1      | Found a faded altar of an unknown god.
   268 | D:1      | Bought a potion of curing for 36 gold pieces
   361 | D:1      | Reached XP level 2. HP: 22/22 MP: 2/2
   492 | D:1      | Found Sadd's Book Emporium.
   576 | D:1      | Found Somof's Book Shoppe.
   752 | D:1      | Found Duenku's Antique Armour Shoppe.
  1039 | D:2      | Identified the +2 pair of boots of Xyiwa {rN+ Will- MP+9
                  | Dex+7}
  1203 | D:2      | Identified the +2 leather armour of the Hurtling Gods
                  | {-Tele rF++ Stlth+}
  1655 | D:2      | Reached skill level 4 in Long Blades
  1655 | D:2      | Reached XP level 3. HP: 17/28 MP: 3/3
  1884 | D:3      | Reached XP level 4. HP: 29/34 MP: 4/4
  1955 | D:3      | Reached skill level 1 in Armour
  1957 | D:3      | Reached skill level 5 in Dodging
  1957 | D:3      | Reached XP level 5. HP: 33/41 MP: 5/5
  2251 | D:3      | Reached skill level 5 in Long Blades
  2413 | D:3      | Reached XP level 6. HP: 47/47 MP: 6/6
  2842 | D:4      | Reached skill level 1 in Stealth
  2853 | D:4      | Found a sand-covered staircase.
  2907 | Ossuary  | Entered an ossuary
  3129 | Ossuary  | Reached skill level 6 in Long Blades
  3129 | Ossuary  | Reached XP level 7. HP: 19/53 MP: 7/7
  3344 | D:4      | Noticed Eustachio
  3359 | D:4      | Killed Eustachio
  3364 | D:4      | Reached skill level 7 in Long Blades
  3797 | D:4      | Noticed Dowan
  3799 | D:4      | Noticed Duvessa
  3812 | D:4      | Killed Dowan
  3817 | D:4      | Killed Duvessa
  3818 | D:4      | Reached XP level 8. HP: 26/61 MP: 8/8
  4230 | D:5      | Entered Level 5 of the Dungeon
  4275 | D:5      | Reached skill level 5 in Fighting
  4292 | D:5      | Identified a scroll of acquirement
  4292 | D:5      | Acquired a +6 double sword of electrocution
  4537 | D:5      | Reached skill level 8 in Long Blades
  4540 | D:5      | Found a staircase to the Ecumenical Temple.
  4615 | Temple   | Entered the Ecumenical Temple
  4871 | D:1      | Bought a scorched cloak for 247 gold pieces
  4871 | D:1      | Identified the +0 cloak of the Endless Expanse {Str+3
                  | Dex+2} (You bought it in a shop on level 1 of the Dungeon)
  6056 | D:6      | Reached XP level 9. HP: 69/69 MP: 9/9
  6219 | D:7      | Noticed Maurice
  6240 | D:7      | Killed Maurice
  6241 | D:7      | Reached skill level 9 in Long Blades
  6538 | D:7      | Found Lapual's Book Boutique.
  6569 | D:7      | Noticed Jeremiah
  6575 | D:7      | Killed Jeremiah
  6576 | D:7      | Reached skill level 10 in Long Blades
  6588 | D:7      | Found a shimmering blue altar of Sif Muna.
  6715 | D:7      | Found a bloodstained altar of Trog.
  6801 | D:7      | Found a shimmering altar of Xom.
  6957 | D:7      | Found an iron altar of Okawaru.
  6959 | D:7      | Found a sacrificial altar of Ru.
  6962 | D:7      | Found a burning altar of Makhleb.
  6963 | D:7      | Found a white marble altar of Elyvilon.
  7256 | D:8      | Noticed a two-headed ogre
  7265 | D:8      | Killed a two-headed ogre
  7266 | D:8      | Reached skill level 11 in Long Blades
  7266 | D:8      | Reached XP level 10. HP: 80/80 MP: 10/10
  7278 | D:8      | Noticed Joseph
  7282 | D:8      | Noticed Prince Ribbit
  7290 | D:8      | Killed Joseph
  7301 | D:8      | Killed Prince Ribbit
  7358 | D:8      | Found Zyesoan's Demolitions Depot.
  7510 | D:8      | Noticed Psyche
  7517 | D:8      | Killed Psyche
  7518 | D:8      | Reached skill level 5 in Stealth
  7585 | D:8      | Noticed Maggie
  7600 | D:8      | Killed Maggie
  7837 | D:9      | Reached skill level 12 in Long Blades
  7973 | D:9      | Noticed Harold
  8064 | D:9      | Noticed a two-headed ogre
  8094 | D:9      | Reached XP level 11. HP: 87/89 MP: 11/11
  8106 | D:9      | Killed a two-headed ogre
  8107 | D:9      | Reached skill level 10 in Dodging
  8183 | D:9      | Noticed Gastronok
  8202 | D:9      | Killed Gastronok
  8203 | D:9      | Reached skill level 10 in Fighting
  8203 | D:9      | Reached skill level 13 in Long Blades
  8360 | D:9      | Found an ornate altar of the Wu Jian Council.
  8365 | D:9      | Became a worshipper of the Wu Jian Council
  8520 | D:9      | Found a staircase to the Lair.
  8734 | D:9      | Found a snail-covered altar of Cheibriados.
  8744 | D:9      | Found a sparkling altar of Nemelex Xobeh.
  8882 | D:9      | Killed Harold
  8972 | D:9      | Noticed Erolcha
  8975 | D:9      | Killed Erolcha
  9109 | D:10     | Entered Level 10 of the Dungeon
  9129 | D:10     | Reached * piety under Wu Jian
  9295 | D:10     | Found a staircase to the Orcish Mines.
  9348 | D:10     | Identified the +0 ring mail of the Cicada {rN+}
  9361 | D:10     | Reached skill level 14 in Long Blades
  9387 | D:10     | Reached ** piety under Wu Jian
  9456 | D:10     | Reached XP level 12. HP: 98/100 MP: 12/12
  9600 | D:10     | Found Zaimov's Weapon Emporium.
  9841 | D:1      | Bought a slimy scale mail for 234 gold pieces
  9841 | D:1      | Identified the +10 scale mail of Tocwalas {^Drain rC+
                  | Int+4} (You bought it in a shop on level 1 of the Dungeon)
 10065 | Lair:1   | Entered Level 1 of the Lair of Beasts
 10187 | Lair:1   | Reached skill level 15 in Long Blades
 10242 | Lair:1   | Reached *** piety under Wu Jian
 10910 | Lair:2   | Noticed Nergalle
 10914 | Lair:2   | Killed Nergalle
 10975 | Lair:2   | Noticed Amaemon
 10985 | Lair:2   | Killed Amaemon
 11081 | Lair:2   | Found a large runed translucent door.
 11082 | Lair:2   | Found a large runed translucent door.
 11144 | Lair:2   | Noticed Erica
 11154 | Lair:2   | Killed Erica
 11155 | Lair:2   | Reached skill level 16 in Long Blades
 11155 | Lair:2   | Reached XP level 13. HP: 79/111 MP: 13/13
 11512 | Lair:2   | Found a staircase to the Shoals.
 11787 | Lair:2   | Noticed occam's ghost (journeyman DsEE)
 11820 | Lair:3   | Identified the +1 helmet "Wiwiov" {Dex+3}
 11835 | Lair:3   | Reached **** piety under Wu Jian
 11863 | Lair:3   | Identified the +2 chain mail of Eskireotu {rElec rC++ Str+3
                  | Stlth+}
 11895 | Lair:3   | Identified the +10 war axe "Xoofof Nigik" {elec, ^Fragile
                  | rF++ Dex+6}
 11950 | Lair:3   | Found a transporter.
 11950 | Lair:3   | Found a transporter.
 12129 | Lair:3   | Noticed Ekaitz's ghost (journeyman TeAE)
 12392 | Lair:3   | Found a hole to the Spider Nest.
 12455 | Lair:3   | Identified the +3 war axe "Epoby" {chaos, rC+ Dex+3}
 13177 | Lair:4   | Reached ***** piety under Wu Jian
 13684 | Lair:4   | Reached XP level 14. HP: 121/121 MP: 14/14
 13685 | Lair:4   | Reached skill level 15 in Fighting
 13761 | Lair:5   | Entered Level 5 of the Lair of Beasts
 13922 | Lair:5   | Reached skill level 17 in Long Blades
 14339 | Lair:5   | Reached skill level 5 in Armour
 14693 | Lair:5   | Found a staircase to the Slime Pits.
 15980 | Orc:1    | Entered Level 1 of the Orcish Mines
 15990 | Orc:1    | Noticed Jorgrun
 16011 | Orc:1    | Killed from afar by Jorgrun

Illustrated notes

Levels and vault maps discovered:
D:1:      co_arrival_square_in_a_square_in_a_square, layout_basic,
          basic_ecumenical_altar, serial_shops, shop,
          nicolae_shop_pleasant_corner_grove, shop_coins, shop, shop,
          minmay_shallow_snake_nest
D:2:      layout_loops_corners
D:3:      layout_basic, nicolae_grassy_gnolls
D:4:      layout_loops_ring, mainiacjoe_ossuary_entry_find_the_door,
          uniq_duvessa, uniq_eustachio
D:5:      layout_basic, minmay_temple_entry_trees, minmay_small_thing
D:6:      layout_cave_pools
D:7:      layout_loops_ring, mainiacjoe_overflow_alcove_3, lemuel_doored_altar,
          mainiacjoe_overflow_two_lobes, serial_glass, glass_columns_c,
          glass_columns_a, serial_shops, shop, uniq_maurice, uniq_jeremiah
D:8:      layout_rooms, nicolae_blasting_shop, roderic_batcave,
          uniq_prince_ribbit1, uniq_maggie, uniq_joseph, uniq_psyche
D:9:      layout_basic, amethyst_overflow_temple_binary,
          mainiacjoe_overflow_brackets, lair_entry_dummy, serial_bayou_pond_a,
          nicolae_zig_zag_zippers, uniq_erolcha, uniq_gastronok, uniq_harold
D:10:     layout_rooms, david_orc_2, special_room [special_room_kobold],
          serial_shops, nicolae_shop_bloodbath_and_beyond, roderic_lattice_a,
          minmay_rotating_lava
Temple:   nicolae_temple_no_exploring_needed
Lair:1:   layout_roguey, minmay_stone_trees_small, minivault_19,
          beast_lair_carwin_5, grunt_megastairs_4
Lair:2:   layout_loops_ring, minmay_shoals_entry_beasts,
          ebering_ghost_disaster_area, uniq_amaemon, uniq_nergalle, uniq_erica
Lair:3:   layout_chaotic_city, nicolae_spider_entry_orb_guardian,
          nzn_ghost_randoct, beast_lair_carwin_9
Lair:4:   layout_concentric_octagons
Lair:5:   gammafunk_lair_ancient_temple, layout_regular_city, slime_entry_1
Orc:1:    layout_caves, serial_shops, nicolae_shop_statue_plus, basic_altar,
          uniq_jorgrun

Skill      XL: |  1  2  3  4  5  6  7  8  9 10 11 12 13 14 |
---------------+-------------------------------------------+-----
Long Blades    | 4 5 6 7 8 11 12 14 16 17 | 17.3
Armour         | 1 2 3 4 5 |  5.4
Fighting       | 3 4 5 7 9 11 13 14 16 | 16.2
Dodging        | 5 6 7 8 9 11 12 13 14 | 14.5
Stealth        | 1 3 4 5 6 7 |  7.8
Throwing       | 3 |  3.0

Action                     |  1- 3 |  4- 6 |  7- 9 | 10-12 | 13-15 || total
---------------------------+-------+-------+-------+-------+-------++-------
  Melee: Long sword        |    58 |   183 |    61 |       |       ||   302
         Punch             |       |     2 |       |    10 |     3 ||    15
         Double sword      |       |       |    92 |   379 |   335 ||   806
         Scimitar          |       |       |       |       |    15 ||    15
         Tailslap          |       |       |       |       |    16 ||    16
  Throw: Boomerang         |     3 |     1 |       |       |     3 ||     7
         Javelin           |     6 |     7 |       |     1 |       ||    14
         Throwing net      |       |       |     4 |     3 |       ||     7
Ability: Lunge             |       |       |       |    22 |    34 ||    56
         Whirlwind         |       |       |       |     5 |    14 ||    19
    Use: Scroll            |     5 |     3 |    13 |     4 |     6 ||    31
         Potion            |     1 |       |     1 |       |     1 ||     3
   Stab: Sleeping          |       |     3 |     7 |     7 |     7 ||    24
         Distracted        |       |       |     1 |     1 |     3 ||     5
         Held in net/web   |       |       |       |     4 |       ||     4
 Armour: Leather armour    |    41 |    89 |    62 |    22 |       ||   214
         Steam dragon scal |       |       |       |    63 |       ||    63
         Scale mail        |       |       |       |    48 |   329 ||   377
  Dodge: Dodged            |    52 |   130 |   105 |   270 |   281 ||   838
